 Dungeon Crawl Stone Soup version 0.32-a0-43-g058985b245 (webtiles) character file.

Game seed: 1482297586678831667

1309 ytrimaz the Trooper (level 8, -3/87 HPs)
             Began as an Oni Fighter on Feb 5, 2024.
             Was a Follower of Okawaru.
             Slain by a gnoll
             ... wielding a +0 halberd
             ... led by a gnoll sergeant
              (7 damage)
             ... on level 6 of the Dungeon.
             The game lasted 00:06:38 (3951 turns).

ytrimaz the Trooper (Oni Fighter)                   Turns: 3951, Time: 00:06:38

Health: -3/87      AC: 17    Str: 21    XL:     8   Next: 58%
Magic:  8/8        EV:  0    Int:  9    God:    Okawaru [*.....]
Gold:   232        SH: 10    Dex: 14    Spells: 7/7 levels left

rFire   + . .        a - +0 war axe
rCold   + . .        c - +0 kite shield
rNeg    . . .        r - +0 gold dragon scales
rPois   +            (helmet restricted)
rElec   .            (no cloak)
rCorr   .            (gloves unavailable)
SInv    +            (boots unavailable)
Will    .....        j - amulet of magic regeneration Stlth
                     g - ring of Grontol {rPois AC+4 Dex+4 SInv}
HPRegen 0.34/turn    (no ring)
MPRegen 0.51/turn

%: no passive effects
@: lethally poisoned (-3 -> -10)
A: large, unfitting armour, horns 1, tough skin 1, double potion healing,
drunken brawling
a: Renounce Religion, Heroism


You were on level 6 of the Dungeon.
You worshipped Okawaru.
Okawaru was aware of your devotion.
You visited 2 branches of the dungeon, and saw 7 of its levels.

You collected 232 gold pieces.


Innate Abilities, Weirdness & Mutations

You are too large for most types of armour.
You have a pair of small horns on your head.
You have tough skin. (AC +1)
You gain doubled healing and magic from potions.
Whenever you drink a healing potion, you attack all around you.


   Skills:
 - Level 7.0 Fighting
 + Level 6.5 Axes
 - Level 3.1 Dodging
 + Level 6.3 Shields
 + Level 0.8 Invocations


You had 7 spell levels left.
You didn't know any spells.
Your spell library contained the following spells:

 Spells                   Type           Power      Damage    Failure   Level
 Ensorcelled Hibernation  Hex/Ice        0%         N/A       100%        2
 Fugue of the Fallen      Necr           0%         N/A       100%        3
 Ozocubu's Armour         Ice            0%         N/A       100%        3
 Anguish                  Hex/Necr       0%         N/A       100%        4
 Metabolic Englaciation   Hex/Ice        0%         N/A       100%        5
 Sculpt Simulacrum        Ice/Alch       Unusable   N/A       N/A         6

Inventory:

Hand Weapons
 a - a +0 war axe (weapon)
Armour
 b - a +0 robe
 c - a +0 kite shield (worn)
 r - +0 gold dragon scales (worn)
   (You found it on level 5 of the Dungeon)
Jewellery
 e - a ring of ice
   (You found it on level 1 of the Dungeon)
 f - a +6 ring of intelligence
   (You found it on level 1 of the Dungeon)
 g - the ring of Grontol (left hand) {rPois AC+4 Dex+4 SInv}
   (You acquired it on level 4 of the Dungeon)

   [ring of protection]

   AC+4:      It affects your AC (+4).
   Dex+4:     It affects your dexterity (+4).
   rPois:     It protects you from poison SInv: It lets you see invisible.
 j - an amulet of magic regeneration (around neck)
   (You found it on level 2 of the Dungeon)
 q - a ring of see invisible
   (You found it on level 5 of the Dungeon)
Wands
 i - a wand of acid (7)
   (You took it off Ijyb on level 4 of the Dungeon)
 l - a wand of polymorph (5)
   (You found it on level 4 of the Dungeon)
 p - a wand of paralysis (12)
   (You found it on level 5 of the Dungeon)
Scrolls
 h - a scroll of immolation
 m - a scroll of vulnerability
Potions
 d - a potion of might
 k - a potion of haste {unknown}
 n - a potion of berserk rage
 o - a potion of invisibility
 s - a potion of heal wounds

Dungeon Overview and Level Annotations

Branches:
Dungeon (6/15) Zot: 26981  Temple (1/1) D:4 Zot: 5998

Altars:
Ashenzari
Dithmenos
Elyvilon
Fedhas
Gozag
Hepliaklqana
Kikubaaqudgha
Makhleb
Nemelex Xobeh
Okawaru
Qazlal
Ru
Sif Muna
Trog
Uskayaw
Vehumet
Xom
Zin

.. #.. ... #...
.... #....
#...######.....
#.............
#...g.....#
#..)))g.#
#..)@...###.
#...<.......
##...#......
#..#####... #.#
.. #. # ##


You could see 2 gnolls.


Message History

Your mp is fully restored (8).
You slash the gnoll sergeant!
Your headbutt misses the gnoll sergeant.
You hit the gnoll but do no damage. You slash the gnoll!
You kill the gnoll!
Okawaru accepts your kill. The gnoll hits you but does no damage.
The gnoll barely misses you.
The gnoll sergeant hits you with a +1 spear of venom.
You block the gnoll's attack. 😮 HP[-5]
You take 5 damage, and now have 61/87 hp.
You hit the gnoll sergeant. You hit the gnoll.
The gnoll hits you from afar with a +0 halberd!
You block the gnoll's attack. You block the gnoll sergeant's attack.
You block the gnoll's attack.
Unknown command. 😮 HP[-8]
You take 8 damage, and now have 53/87 hp.
The gnoll sergeant blocks your attack.
You closely miss the gnoll.
The gnoll hits you but does no damage. x2
You block the gnoll sergeant's attack. The gnoll hits you but does no damage.
Unknown command.
You barely miss the gnoll sergeant. You hit the gnoll.
You block the gnoll's attack. x2
The gnoll sergeant hits you with a +1 spear of venom.
The gnoll hits you but does no damage. 😮 HP[-1]
You take 1 damage, and now have 52/87 hp.
You barely miss the gnoll sergeant. You completely miss the gnoll.
The gnoll completely misses you. The gnoll hits you but does no damage.
You block the gnoll sergeant's attack. You block the gnoll's attack.
Unknown command.
The gnoll sergeant blocks your attack.
Your headbutt misses the gnoll sergeant.
You hit the gnoll. The gnoll hits you but does no damage.
The gnoll hits you with a +0 flail.
The gnoll sergeant hits you with a +1 spear of venom.
The gnoll hits you from afar with a +0 spear.
* * * LOW HITPOINT WARNING * * *
😨 HP[-11]
You take 11 damage, and now have 41/87 hp.
You closely miss the gnoll sergeant.
You headbutt the gnoll sergeant, but do no damage.
You barely miss the gnoll.
You feel like a meek peon again. You block the gnoll's attack. x2
The gnoll sergeant hits you with a +1 spear of venom!
* * * LOW HITPOINT WARNING * * *
The gnoll hits you but does no damage. 😨 HP[-7]
You take 7 damage, and now have 34/87 hp.
Unknown command.
The gnoll sergeant blocks your attack.
Your headbutt misses the gnoll sergeant.
You hit the gnoll but do no damage. You block the gnoll's attack.
The gnoll hits you but does no damage. You block the gnoll sergeant's attack.
The gnoll hits you but does no damage.
You barely miss the gnoll sergeant. You barely miss the gnoll.
The gnoll hits you from afar with a +0 halberd.
* * * LOW HITPOINT WARNING * * *
The gnoll hits you but does no damage. You block the gnoll sergeant's attack.
The gnoll hits you from afar with a +0 spear.
* * * LOW HITPOINT WARNING * * *
😨 HP[-6]
You take 6 damage, and now have 28/87 hp.
Unknown command.
You hit the gnoll sergeant.
Your headbutt misses the gnoll sergeant.
You closely miss the gnoll. You block the gnoll's attack.
The gnoll hits you but does no damage.
The gnoll sergeant hits you but does no damage.
The gnoll hits you from afar with a +0 spear.
* * * LOW HITPOINT WARNING * * *
😨 HP[-6]
You take 6 damage, and now have 22/87 hp.
You barely miss the gnoll sergeant.
You headbutt the gnoll sergeant, but do no damage.
You barely miss the gnoll.
The gnoll hits you from afar with a +0 halberd.
* * * LOW HITPOINT WARNING * * *
The gnoll hits you but does no damage. x2
The gnoll sergeant hits you with a +1 spear of venom.
* * * LOW HITPOINT WARNING * * *
You are poisoned.
You block the gnoll's attack.
The gnoll hits you from afar with a +0 halberd!
* * * LOW HITPOINT WARNING * * *
You block the gnoll's attack.
You block the gnoll sergeant's attack. 😱 HP[-15]
You take 15 damage, and now have 7/87 hp.
You hit the gnoll sergeant. You headbutt the gnoll sergeant.
You kill the gnoll sergeant!
Okawaru accepts your kill.
You slash the gnoll!
You kill the gnoll!
Okawaru accepts your kill.
* * * LOW HITPOINT WARNING * * *
You feel very sick.
The gnoll hits you from afar with a +0 halberd!
You die...

Skill      XL: |  1  2  3  4  5  6  7  8 |
---------------+-------------------------+-----
Dodging        | 3 |  3.1
Shields        | 3 4 5 6 |  6.3
Fighting       | 5 7 |  7.0
Axes           | 3 4 5 6 |  6.5
Invocations    | |  0.8

Action                     |  1- 3 |  4- 6 |  7- 9 || total
---------------------------+-------+-------+-------++-------
  Melee: War axe           |    77 |    62 |   117 ||   256
         Headbutt          |     9 |    13 |    24 ||    46
 Invoke: Heroism           |       |       |     1 ||     1
    Use: Potion            |     1 |     1 |       ||     2
         Scroll            |       |     4 |     4 ||     8
   Stab: Sleeping          |     1 |     1 |       ||     2
 Armour: Robe              |    66 |    35 |    80 ||   181
         Gold dragon scale |       |       |    66 ||    66
  Dodge: Dodged            |    43 |    20 |    38 ||   101
  Block: Kite shield       |    48 |    30 |    97 ||   175

Levels and vault maps discovered:
D:1:      minmay_arrival_nine_rooms, layout_basic, shapermc_ecumenical_altar_gd
D:2:      layout_basic
D:3:      layout_basic, wad_floor_pattern_untrapped, uniq_sigmund
D:4:      layout_basic, nicolae_overflows_in_rows,
          minmay_temple_entry_antechambers, uniq_ijyb, uniq_menkaure
D:5:      layout_cave_pods, serial_park, serial_park_paths
          [serial_park_minivault_5x5_8], serial_park_tiny_pond,
          serial_park_avenue1
D:6:      minmay_recursive_quarters, layout_layer_cave,
          nicolae_ossuary_entry_monument, kennysheep_generic_room_10
Temple:   hellmonk_temple_beads

Notes
Turn   | Place    | Note
-------+----------+-------------------------------------------
     0 | D:1      | ytrimaz the Oni Fighter began the quest for the Orb.
     0 | D:1      | Reached XP level 1. HP: 24/24 MP: 1/1
     0 | D:1      | magus.rc [v1.9.6]
    68 | D:1      | You pick up a book of Winter and begin reading...
    68 | D:1      | You add the spells Ozocubu's Armour, Metabolic Englaciation
                  | and Sculpt Simulacrum to your library.
   126 | D:1      | Found a faded altar of an unknown god.
   240 | D:1      | Reached XP level 2. HP: 32/32 MP: 2/2
   816 | D:2      | Reached skill level 3 in Dodging
   816 | D:2      | Reached skill level 3 in Shields
   817 | D:2      | Reached XP level 3. HP: 36/40 MP: 3/3
   825 | D:2      | HP: 10/40 [poisoned by an adder]
   828 | D:2      | HP: 4/40 [adder (1)]
   956 | D:2      | Reached XP level 4. HP: 35/49 MP: 4/4
  1044 | D:3      | Reached skill level 5 in Fighting
  1219 | D:3      | Noticed a kobold brigand
  1230 | D:3      | Killed a kobold brigand
  1231 | D:3      | Reached skill level 3 in Axes
  1231 | D:3      | Reached XP level 5. HP: 36/59 MP: 5/5
  1450 | D:3      | Reached skill level 6 in Fighting
  1726 | D:3      | Noticed Sigmund
  1735 | D:3      | Killed Sigmund
  1736 | D:3      | Reached skill level 7 in Fighting
  1736 | D:3      | Reached skill level 4 in Shields
  1736 | D:3      | Reached XP level 6. HP: 31/71 MP: 6/6
  1965 | D:4      | Noticed Menkaure
  1968 | D:4      | Identified a scroll of acquirement
  1973 | D:4      | HP: 15/71 [??? (13)]
  1976 | D:4      | HP: 4/71 [ogre/+0 giant spiked club (5)]
  2234 | D:4      | Killed Menkaure
  2235 | D:4      | Reached skill level 4 in Axes
  2235 | D:4      | Reached XP level 7. HP: 78/78 MP: 7/7
  2251 | D:4      | Acquired the ring of Grontol {rPois AC+4 Dex+4 SInv}
  2266 | D:4      | Noticed Ijyb
  2275 | D:4      | Killed Ijyb
  2399 | D:4      | Found a bloodstained altar of Trog.
  2399 | D:4      | Found a hide-covered altar of Uskayaw.
  2401 | D:4      | Found a shadowy altar of Dithmenos.
  2401 | D:4      | Found a sparkling altar of Nemelex Xobeh.
  2402 | D:4      | Found a shimmering altar of Xom.
  2402 | D:4      | Found a burning altar of Makhleb.
  2402 | D:4      | Found a sacrificial altar of Ru.
  2402 | D:4      | Found a broken altar of Ashenzari.
  2403 | D:4      | Found a hazy altar of Hepliaklqana.
  2404 | D:4      | Found an iron altar of Okawaru.
  2404 | D:4      | Found a glowing silver altar of Zin.
  2418 | D:4      | Became a worshipper of Warmaster Okawaru
  2511 | D:4      | You pick up a book of Dreams and begin reading...
  2511 | D:4      | You add the spells Ensorcelled Hibernation, Fugue of the
                  | Fallen and Anguish to your library.
  2564 | D:4      | Reached skill level 5 in Axes
  2564 | D:4      | Reached skill level 5 in Shields
  2685 | D:4      | Found a staircase to the Ecumenical Temple.
  2706 | Temple   | Entered the Ecumenical Temple
  2865 | D:5      | Entered Level 5 of the Dungeon
  3102 | D:5      | Reached XP level 8. HP: 84/87 MP: 8/8
  3408 | D:5      | Reached skill level 6 in Axes
  3425 | D:5      | Identified +0 gold dragon scales
  3430 | D:5      | Reached * piety under Okawaru
  3453 | D:5      | Reached skill level 6 in Shields
  3950 | D:6      | HP: 20/87 [gnoll/+0 halberd[a gnoll sergeant] (2)]
  3950 | D:6      | HP: 7/87 [gnoll/+0 halberd[a gnoll sergeant] (9)]
  3951 | D:6      | Slain by a gnoll

Vanquished Creatures
  Sigmund (D:3)
  Menkaure (D:4)
  A black bear (D:5)
  2 ogres (D:4)
  A centaur (D:5)
  A kobold brigand (D:3)
  4 scorpions (D:5)
  A gnoll sergeant (D:6)
  A howler monkey (D:4)
  2 bombardier beetles
  3 hounds
  Ijyb (D:4)
  An iguana (D:5)
  7 adders
  3 gnolls (D:6)
  A white imp (D:5)
  2 ribbon worms (D:2)
  4 orcs (D:5)
  8 endoplasms
  3 giant cockroaches (D:3)
  3 goblins
  4 hobgoblins
  11 jackals
  5 quokkas
  5 ball pythons
  7 bats
  2 frilled lizards
  2 kobolds (D:2)
  6 rats
93 creatures vanquished.

Table legend:
 A = Non-vault XP
 B = Vault XP
 C = Vault XP percentage of total XP
 D = Non-vault monster count
 E = Vault monster count
 F = Vault count percentage of total count
                 A         B        C        D         E       F
            +---------+---------+-------+---------+---------+-------
      Total |    1516 |     452 |  23.0 |      90 |       3 |   3.2
            +---------+---------+-------+---------+---------+-------
        D:1 |      29 |       0 |   0.0 |      18 |       0 |   0.0
        D:2 |      54 |       0 |   0.0 |      15 |       0 |   0.0
        D:3 |     190 |     247 |  56.5 |      20 |       1 |   4.8
        D:4 |     317 |     205 |  39.3 |      11 |       2 |  15.4
        D:5 |     800 |       0 |   0.0 |      22 |       0 |   0.0
        D:6 |     126 |       0 |   0.0 |       4 |       0 |   0.0
            +---------+---------+-------+---------+---------+-------

Skill      XL: |  1  2  3  4  5  6  7  8 |
---------------+-------------------------+-----
Dodging        | 3 |  3.1
Shields        | 3 4 5 6 |  6.3
Fighting       | 5 7 |  7.0
Axes           | 3 4 5 6 |  6.5
Invocations    | |  0.8

Action                     |  1- 3 |  4- 6 |  7- 9 || total
---------------------------+-------+-------+-------++-------
  Melee: War axe           |    77 |    62 |   117 ||   256
         Headbutt          |     9 |    13 |    24 ||    46
 Invoke: Heroism           |       |       |     1 ||     1
    Use: Potion            |     1 |     1 |       ||     2
         Scroll            |       |     4 |     4 ||     8
   Stab: Sleeping          |     1 |     1 |       ||     2
 Armour: Robe              |    66 |    35 |    80 ||   181
         Gold dragon scale |       |       |    66 ||    66
  Dodge: Dodged            |    43 |    20 |    38 ||   101
  Block: Kite shield       |    48 |    30 |    97 ||   175

Illustrated notes

Table legend:
 A = Kills in this place as a percentage of kills in the entire game.
 B = Kills by you in this place as a percentage of kills by you in the entire game.
 C = Kills by friends in this place as a percentage of kills by friends in the entire game.
 D = Other kills in this place as a percentage of other kills in the entire game.
 E = Experience gained in this place as a percentage of experience gained in the entire game.
 F = Experience gained in this place divided by the number of levels of this place that you have seen.
                   A       B       C       D       E      F
               +-------+-------+-------+-------+-------+----------------------
         Total | 100.0 | 100.0 |   N/A |   N/A | 100.0 | 281.1
       Dungeon | 100.0 | 100.0 |   N/A |   N/A | 100.0 | 328.0
               +-------+-------+-------+-------+-------+----------------------

Table legend: (Time is in decaauts)
 A = Elapsed time spent in this place.
 B = Non-inter-level travel time spent in this place.
 C = Inter-level travel time spent in this place.
 D = Time resting spent in this place.
 E = Time spent auto-exploring this place.
 F = Levels seen in this place.
 G = Mean time per level.
                   A        B        C        D        E       F      G
               +--------+--------+--------+--------+--------+-----+--------+
         Total |   4058 |   3935 |    123 |    340 |   2747 |   7 |  579.7 |
       Dungeon |   4057 |   3934 |    123 |    340 |   2747 |   6 |  676.2 |
        Temple |      1 |      1 |      0 |      0 |      0 |   1 |    1.0 |
               +--------+--------+--------+--------+--------+-----+--------+

Top non-repeatable levels by time:
     D:5: 1092 daAuts
     D:4: 972 daAuts
     D:3: 910 daAuts
     D:1: 836 daAuts
     D:2: 228 daAuts
     D:6: 17 daAuts
  Temple: 1 daAuts
